 Dungeon Crawl Stone Soup version 0.16-b1 (webtiles) character file.

6549 abixa the Basher (level 11, -3/117 HPs)
             Began as an Ogre Berserker on Mar 7, 2015.
             Was an Elder of Trog.
             Slain by abixa's ghost (8 damage)
             ... on level 9 of the Dungeon.
             The game lasted 01:27:58 (10091 turns).

abixa the Basher (Ogre Berserker)                  Turns: 10091, Time: 01:27:58

Health: -3/117     AC:  4    Str: 24    XL:     11   Next: 1%
Magic:  11/11      EV: 12    Int:  6    God:    Trog [****..]
Gold:   649        SH:  0    Dex: 12    Spells: 0 memorised, 10 levels left

rFire  . . .     SeeInvis .     Y - +1 dire flail
rCold  + . .     Clarity  .     X - +1 robe {rC+} (curse)
rNeg   . . .     SustAb   .     (shield restricted)
rPois  .         Gourm    .     (helmet restricted)
rElec  .         Spirit   .     (no cloak)
rCorr  .         Warding  .     (gloves unavailable)
rMut   .         Stasis   .     (boots unavailable)
MR     +....                    h - amulet of regeneration (curse)
Stlth  +.........               (no ring)
                                Q - ring of flight

@: somewhat resistant to hostile enchantments, very unstealthy
A: unfitting armour, tough skin 1
a: Burn Spellbooks, Berserk, Trog's Hand, Brothers in Arms, Renounce Religion,
Evoke Flight


You were on level 9 of the Dungeon.
You worshipped Trog.
Trog was greatly pleased with you.
You were not hungry.

You visited 2 branches of the dungeon, and saw 10 of its levels.
You also visited: Ossuary.

You collected 679 gold pieces.
You spent 30 gold pieces at shops.

Inventory:

Hand weapons
 b - a cursed +0 blowgun
 g - a +0 giant spiked club
 Y - a +1 dire flail (weapon)
Missiles
 e - 177 stones
 o - 4 javelins of returning (quivered)
 q - 44 poisoned needles
 D - 6 poisoned javelins
 H - 2 poisoned tomahawks
 I - 7 steel javelins
 O - 3 javelins of penetration
 Z - 5 tomahawks of returning
Armour
 X - a cursed +1 robe of cold resistance (worn)
Jewellery
 h - a cursed amulet of regeneration (around neck)
 x - an uncursed amulet of clarity
 Q - a ring of flight (left hand)
Magical devices
 a - a wand of fireball (1)
 y - a wand of invisibility (1)
Scrolls
 d - a scroll of fear {unknown}
 i - 6 scrolls of teleportation
 j - 2 scrolls of enchant armour
 m - a scroll of amnesia {unknown}
 n - a scroll of enchant weapon
 p - a scroll of magic mapping {unknown}
 C - 2 scrolls of recharging {unknown}
 G - 3 scrolls of remove curse
 J - a scroll of blinking {unknown}
 K - 2 scrolls of fog {unknown}
 M - a scroll of immolation
 P - 3 scrolls of random uselessness {unknown}
 V - a scroll of noise {unknown}
Potions
 f - 3 potions of heal wounds {unknown}
 k - a potion of beneficial mutation {unknown}
 l - 2 potions of brilliance
 r - 5 potions of curing
 t - 2 potions of invisibility {unknown}
 u - 2 potions of haste
 v - 2 potions of flight
 w - 4 potions of resistance {unknown}
 A - 2 potions of cancellation {unknown}
 B - a potion of agility {unknown}
 E - a potion of mutation {unknown}
 F - a potion of restore abilities {unknown}
 L - 2 potions of berserk rage {unknown}
 N - 2 potions of degeneration {unknown}
 R - 3 potions of might
 S - 2 potions of ambrosia {unknown}
Comestibles
 c - 6 meat rations
 s - 5 bread rations
 z - a chunk of flesh
 T - 10 fruits
 U - a royal jelly
 W - 6 slices of pizza


   Skills:
 + Level 9.7 Fighting
 * Level 13.2 Maces & Flails
 + Level 9.5 Throwing
 - Level 1.5 Armour
 + Level 6.4 Dodging


You had 10 spell levels left.
You didn't know any spells.

Dungeon Overview and Level Annotations

Branches:
Dungeon (9/15)             Temple (1/1) D:6
   Lair: D:8-11         Orc: D:9-12

Altars:
Ashenzari
Cheibriados
Dithmenos
Elyvilon
Fedhas
Gozag
Kikubaaqudgha
Makhleb
Nemelex Xobeh
Okawaru
Qazlal
Ru
Sif Muna
Trog
Vehumet
Xom
Yredelemnul
Zin
The Shining One

Shops:
D:7 *

Annotations:
D:8 book
D:9 abixa's ghost, powerful HOBe


Innate Abilities, Weirdness & Mutations

You are too large for most types of armour.
You have tough skin (AC +1).


Message History

Abixa's ghost barely misses you.
You barely miss abixa's ghost.
Abixa's ghost is almost destroyed.
Abixa's ghost hits you! Abixa's ghost freezes you.
You closely miss abixa's ghost.
Abixa's ghost is almost destroyed.
You closely miss abixa's ghost.
Abixa's ghost is almost destroyed.
Abixa's ghost completely misses you.
You closely miss abixa's ghost.
Abixa's ghost is almost destroyed.
Abixa's ghost hits you! Abixa's ghost freezes you.
You barely miss abixa's ghost.
Abixa's ghost is almost destroyed.
You closely miss abixa's ghost.
Abixa's ghost is almost destroyed.
Abixa's ghost hits you!!
* * * LOW HITPOINT WARNING * * *
Abixa's ghost freezes you!
You die...

#.......# ######..####
#>......###..#........
#......##......#.#####
#.....##..##...#.#
#.....#....##..#.#
####.##..._.#....#
#.##....##....#
##W###..##...#.# #.@#
##.....##'### # #+##
###..#.....###
##.+.....'..
..#.....### ####.....#
#.....# #.....#
#######


You could see abixa's ghost.

Vanquished Creatures
  A hydra (D:9)
  Erolcha (D:8)
  Maurice (D:8)
  Joseph (D:8)
  A wyvern (D:8)
  4 yaks
  Grum (D:8)
  Edmund (D:8)
  3 orc warriors (D:8)
  A wolf (D:8)
  An ice beast (D:4)
  A sky beast (D:6)
  5 centaurs
  Duvessa (D:4)
  4 ogres
  3 big kobolds (D:9)
  2 giant frogs (D:7)
  2 scorpions
  3 jellies
  4 wights
  Dowan (D:4)
  A goliath beetle (D:6)
  4 crimson imps
  8 orc priests
  A giant frog zombie (D:8)
  3 hounds
  2 worker ants
  7 orc wizards
  6 iguanas
  A killer bee zombie (D:7)
  2 sheep (D:9)
  8 mummies (Ossuary)
  4 gnolls
  11 adders
  2 shadow imps
  A giant mite (D:5)
  A worm (D:2)
  2 adder skeletons (D:5)
  An adder zombie (D:5)
  An ooze (D:3)
  34 orcs
  A ball python (D:2)
  12 bats
  A bat skeleton (D:8)
  A bat zombie (D:6)
  7 giant cockroaches
  18 hobgoblins
  12 jackals
  6 giant geckos
  A giant gecko skeleton (D:7)
  4 giant newts
  2 gnoll zombies (Ossuary)
  11 goblins
  A hobgoblin zombie (D:6)
  A jackal skeleton (D:5)
  5 kobolds
  3 kobold zombies (Ossuary)
  3 orc zombies (Ossuary)
  6 quokkas
  2 quokka skeletons
  A quokka zombie (D:5)
  18 rats
258 creatures vanquished.

Vanquished Creatures (collateral kills)
  2 wyverns (D:8)
  2 wolves (D:8)
  A quasit (D:8)
  A rat (D:6)
6 creatures vanquished.

Vanquished Creatures (others)
  A two-headed ogre (D:8)
  An ogre (D:8)
  A wight (D:8)
3 creatures vanquished.

Grand Total: 267 creatures vanquished

Notes
Turn   | Place    | Note
--------------------------------------------------------------
     0 | D:1      | abixa, the Ogre Berserker, began the quest for the Orb.
     0 | D:1      | Reached XP level 1. HP: 24/24 MP: 1/1
   291 | D:1      | Reached skill level 1 in Throwing
   291 | D:1      | Reached XP level 2. HP: 29/32 MP: 2/2
   839 | D:2      | Acquired Trog's second power
   875 | D:2      | Reached XP level 3. HP: 36/39 MP: 3/3
   907 | D:2      | Reached skill level 5 in Maces & Flails
  1316 | D:2      | Found a burning altar of Makhleb.
  1323 | D:2      | Found a glowing silver altar of Zin.
  1323 | D:2      | Noticed an angel
  1329 | D:2      | Noticed a balrug
  1349 | D:2      | Reached XP level 4. HP: 33/48 MP: 4/4
  1933 | D:3      | Reached XP level 5. HP: 47/54 MP: 5/5
  2301 | D:3      | Reached skill level 6 in Maces & Flails
  2301 | D:3      | Reached XP level 6. HP: 44/62 MP: 6/6
  2622 | D:4      | Noticed Duvessa
  2622 | D:4      | Noticed Dowan
  2851 | D:4      | Reached skill level 5 in Throwing
  3183 | D:4      | Acquired Trog's third power
  3811 | D:4      | Reached XP level 7. HP: 70/70 MP: 7/7
  3995 | D:4      | Killed Duvessa
  3995 | D:4      | Reached skill level 7 in Maces & Flails
  4014 | D:4      | Killed Dowan
  4459 | D:5      | Entered Level 5 of the Dungeon
  4479 | D:5      | Received a gift from Trog
  4775 | D:5      | Reached skill level 8 in Maces & Flails
  4815 | D:5      | Reached XP level 8. HP: 79/79 MP: 8/8
  4902 | D:5      | Reached skill level 5 in Fighting
  4971 | D:5      | Received a gift from Trog
  5040 | D:5      | Found a staircase to the Ecumenical Temple.
  5556 | D:5      | Found a basalt altar of Yredelemnul.
  5557 | D:5      | Noticed a profane servitor
  5565 | D:5      | Found a glowing golden altar of the Shining One.
  5566 | D:5      | Noticed an angel
  5605 | D:5      | Reached skill level 9 in Maces & Flails
  5924 | D:6      | Found a staircase to the Ecumenical Temple.
  5936 | Temple   | Entered the Ecumenical Temple
  6001 | D:6      | Found an opulent altar of Gozag.
  6007 | D:6      | Found a bloodstained altar of Trog.
  6038 | D:6      | Found a deep blue altar of Sif Muna.
  6301 | D:6      | Received a gift from Trog
  6647 | D:6      | Reached XP level 9. HP: 77/89 MP: 9/9
  6958 | D:7      | Reached skill level 10 in Maces & Flails
  7397 | D:7      | Found Hesutwie's General Store.
  7402 | D:7      | Bought a scroll of identify for 30 gold pieces
  7547 | D:8      | Noticed Erolcha
  7558 | D:8      | Killed Erolcha
  7621 | D:8      | Reached skill level 11 in Maces & Flails
  7733 | D:8      | Noticed Maurice
  7789 | D:8      | Noticed Joseph
  7816 | D:8      | Reached skill level 5 in Dodging
  7914 | D:8      | Noticed Grum
  7923 | D:8      | Received a gift from Trog
  7932 | D:8      | Reached XP level 10. HP: 26/104 MP: 10/10
  7956 | D:8      | Killed Grum
  7986 | D:8      | Found a sand-covered staircase.
  7993 | Ossuary  | Entered an ossuary
  8738 | D:8      | Reached skill level 12 in Maces & Flails
  8830 | D:8      | Noticed Edmund
  8843 | D:8      | Killed Edmund
  8986 | D:8      | Killed Maurice
  9448 | D:8      | Killed Joseph
  9548 | D:9      | Found a shadowy altar of Dithmenos.
  9689 | D:9      | Noticed a three-headed hydra
  9701 | D:9      | Killed a three-headed hydra
  9701 | D:9      | Reached skill level 13 in Maces & Flails
  9704 | D:9      | Received a gift from Trog
  9944 | D:8      | Reached XP level 11. HP: 70/117 MP: 11/11
 10043 | D:9      | Noticed abixa's ghost (powerful HOBe)
 10091 | D:9      | HP: 5/117 [abixa's ghost (32)]
 10091 | D:9      | Slain by abixa's ghost

Action                   |  1- 3 |  4- 6 |  7- 9 | 10-12 || total
-------------------------+-------+-------+-------+-------++-------
Melee: Mace              |    11 |       |       |       ||    11
       Whip              |    94 |   161 |    52 |       ||   307
       Giant club        |       |       |   183 |       ||   183
       Dire flail        |       |       |    15 |   154 ||   169
 Fire: Blowgun           |       |     2 |    32 |       ||    34
Throw: Stone             |    45 |    62 |   175 |   141 ||   423
       Tomahawk          |       |       |     2 |     7 ||     9
       Javelin           |       |       |    13 |    24 ||    37
Invok: Trog's Hand       |       |       |     3 |     1 ||     4
       Berserk           |       |       |     2 |     1 ||     3
       Brothers in Arms  |       |       |     2 |       ||     2
       Burn Spellbooks   |       |       |     1 |       ||     1
Evoke: Wand              |       |       |     5 |       ||     5
  Use: Scroll            |       |     1 |    10 |     2 ||    13
       Potion            |       |       |     1 |       ||     1
 Stab: Sleeping          |       |       |     1 |       ||     1
  Eat: Chunk             |     1 |     7 |    11 |     4 ||    23
       Pizza             |       |       |     1 |       ||     1
       Royal jelly       |       |       |     1 |       ||     1
       Beef jerky        |       |       |     1 |       ||     1
       Fruit             |       |       |       |     2 ||     2
       Meat ration       |       |       |       |     1 ||     1
